 Dungeon Sprint DCSS version 0.28.0-53-g5a82cb258f (webtiles) character file.

Game seed: 13019350281595408665

1 Zeld the Conjurer (level 1, -1/10 HPs)
             Began as a Deep Elf Conjurer on June 6, 2022.
             Was an Initiate of Sif Muna.
             Slain by a scorpion (6 damage)
             ... in the Dungeon (Sprint VII: "The Pits").
             The game lasted 00:01:01 (69 turns).

Zeld the Conjurer (Deep Elf Conjurer)                 Turns: 69, Time: 00:01:01

Health: -1/10      AC:  2    Str:  4    XL:     1   Next: 16%
Magic:  4/6        EV: 12    Int: 22    God:    Sif Muna [......]
Gold:   0          SH:  0    Dex: 13    Spells: 5/6 levels left

rFire   . . .      SeeInvis .   a - +2 quarterstaff (drain)
rCold   . . .      Faith    .   (shield currently unavailable)
rNeg    . . .      Spirit   .   h - +0 robe
rPois   .          Reflect  .   (no helmet)
rElec   .          Harm     .   (no cloak)
rCorr   .          Rampage  .   (no gloves)
Will    .....      NoTele   +   (no boots)
Stlth   ++........              (no amulet)
HPRegen 0.03/turn               (no ring)
MPRegen 0.10/turn               (no ring)

@: no status effects
A: no striking features
a: Renounce Religion


You were in the Dungeon.
You worshipped Sif Muna.
Sif Muna was noncommittal.
You visited 1 branch

Inventory:

Hand Weapons
 a - a +2 quarterstaff of draining (weapon)
Armour
 h - a +0 robe (worn)
Scrolls
 g - a scroll of blinking
 j - 5 scrolls of amnesia
 k - a scroll of summoning
Potions
 c - a potion of heal wounds
 d - a potion of haste
 e - 3 potions of magic
 f - 3 potions of berserk rage
 i - 2 potions of invisibility


   Skills:
 - Level 2.4 Dodging
 - Level 2.4 Stealth
 + Level 3.1 Spellcasting
 + Level 4.4 Conjurations
 * Level 1.2 Hexes
 * Level 1.1 Translocations
 + Level 0.2 Invocations


You had 5 spell levels left.
You knew the following spells:

 Your Spells              Type           Power      Damage    Failure   Level
a - Magic Dart            Conj           92%        1d7       1%          1

Your spell library contained the following spells:

 Spells                   Type           Power      Damage    Failure   Level
 Searing Ray              Conj           46%        2d6       3%          2
 Dazzling Flash           Conj/Hex       32%        N/A       12%         3
 Fulminant Prism          Conj/Hex       8%         3d7       36%         4
 Iskenderun's Mystic Bla  Conj/Tloc      15%        2d5       36%         4


Dungeon Overview and Level Annotations

Branches:
Dungeon (1/1)

Altars:
Ashenzari
Cheibriados
Dithmenos
Elyvilon
Fedhas
Gozag
Hepliaklqana
Kikubaaqudgha
Makhleb
Nemelex Xobeh
Okawaru
Qazlal
Ru
Sif Muna
Trog
Uskayaw
Vehumet
Wu Jian
Xom
Yredelemnul
Zin
The Shining One
Beogh
Jiyva
Lugonu


Message History

The magic dart hits the scorpion but does no damage.
The scorpion is heavily wounded.
The scorpion stings you.
The scorpion stings you but does no damage.
Unknown command.
Casting: Magic Dart (safe; 1% risk of failure)
Confirm with . or Enter, or press ? or * to list all spells.
Aiming: Magic Dart (safe; 1% risk of failure)
Press: ? - help, Shift-Dir - straight line, f/p - scorpion
Aim: a scorpion (heavily wounded, 100% to hit)
The magic dart hits the scorpion.
The scorpion is heavily wounded.
The scorpion stings you but does no damage.
Unknown command.
Unknown command.
Magic courses through your body. The scorpion stings you.
Unknown command.
Casting: Magic Dart (safe; 1% risk of failure)
Confirm with . or Enter, or press ? or * to list all spells.
Aiming: Magic Dart (safe; 1% risk of failure)
Press: ? - help, Shift-Dir - straight line, f/p - scorpion
Aim: a scorpion (heavily wounded, 100% to hit)
The magic dart hits the scorpion.
The scorpion is almost dead.
The scorpion stings you.
Ouch! That really hurt!
* * * LOW HITPOINT WARNING * * *
You are lethally poisoned!
The scorpion poisons you!
You feel better. The scorpion misses you.
Casting: Magic Dart (safe; 1% risk of failure)
Confirm with . or Enter, or press ? or * to list all spells.
Aiming: Magic Dart (safe; 1% risk of failure)
Press: ? - help, Shift-Dir - straight line, f/p - scorpion
Aim: a scorpion (almost dead, 100% to hit)
The magic dart hits the scorpion but does no damage.
The scorpion is almost dead.
The scorpion stings you. x2
Ouch! That really hurt!
You die...

############
#_________.#
#_________.#
#_______...###########++
##########'##...........
#.?(.')))'.##......#..#
##########.##..........
#......@....'...........
#+#####s#####......#..#.
.†# #........... +..#
####'#####+ ####
#.......# #.......#
#.......# #...<...#
#.......#


You could see a scorpion.

Vanquished Creatures
  2 rats (D)
2 creatures vanquished.

Notes
Turn   | Place    | Note
-------+----------+-------------------------------------------
     0 | D        | Zeld the Deep Elf Conjurer began the quest for the Orb.
     0 | D        | Reached XP level 1. HP: 10/10 MP: 6/6
    11 | D        | Reached skill level 1 in Hexes
    15 | D        | Found a bloodstained altar of Trog.
    15 | D        | Found a shimmering blue altar of Sif Muna.
    15 | D        | Found a viscous altar of Jiyva.
    15 | D        | Found a hazy altar of Hepliaklqana.
    15 | D        | Found an opulent altar of Gozag.
    16 | D        | Found a glowing golden altar of the Shining One.
    16 | D        | Found a glowing silver altar of Zin.
    16 | D        | Found a basalt altar of Yredelemnul.
    16 | D        | Found a shimmering altar of Xom.
    16 | D        | Found an ornate altar of the Wu Jian Council.
    16 | D        | Found a sacrificial altar of Ru.
    16 | D        | Found a stormy altar of Qazlal.
    16 | D        | Found an iron altar of Okawaru.
    16 | D        | Found a sparkling altar of Nemelex Xobeh.
    16 | D        | Found a burning altar of Makhleb.
    16 | D        | Found a blossoming altar of Fedhas.
    16 | D        | Found a white marble altar of Elyvilon.
    16 | D        | Found a shadowy altar of Dithmenos.
    16 | D        | Found a snail-covered altar of Cheibriados.
    17 | D        | Found a radiant altar of Vehumet.
    17 | D        | Found a corrupted altar of Lugonu.
    19 | D        | Found a broken altar of Ashenzari.
    19 | D        | Found an ancient bone altar of Kikubaaqudgha.
    19 | D        | Found a hide-covered altar of Uskayaw.
    23 | D        | Became a worshipper of Sif Muna the Loreminder
    59 | D        | Noticed a scorpion
    61 | D        | Reached skill level 1 in Translocations
    69 | D        | Slain by a scorpion

Illustrated notes

Levels and vault maps discovered:
D:        pitsprint [storerooms_1, entrance_room_1, metal_vault_8, armoury_2,
          mini_pit_1, grid_room_1, main_hall_1, silver_pit, the_coven_3,
          the_vestibule_1, steel_vault_5, golden_pit, hallway_of_sentries,
          crystal_vault_5, iron_vault_4, final_vault]

Skill      XL: |  1 |
---------------+----+-----
Hexes          | 1 |  1.2
Translocations | 1 |  1.1
Dodging        | |  2.4
Stealth        | |  2.4
Spellcasting   | |  3.1
Conjurations   | |  4.4
Invocations    | |  0.2

Action                   || total
-------------------------++-------
 Cast: Magic Dart        ||     9
  Use: Potion            ||     2
Armor: Robe              ||     2
Dodge: Dodged            ||     4
